 Dungeon Crawl Stone Soup version 0.32-a0-859-gb0a091d592 (webtiles) character file.

Game seed: 3854289613166626948

996 ytrimaz the Ducker (level 8, -7/48 HPs)
             Began as an Octopode Shapeshifter on Mar 27, 2024.
             Engulfed by a steam dragon's steam (11 damage)
             ... on level 5 of the Dungeon.
             The game lasted 00:05:28 (4580 turns).

ytrimaz the Ducker (Octopode Shapeshifter)          Turns: 4580, Time: 00:05:29

Health: -7/48      AC:  1    Str: 13    XL:     8   Next: 19%
Magic:  8/8        EV: 14    Int: 14    God:
Gold:   238        SH:  0    Dex: 12    Spells: 7/7 levels left

rFire   . .          .
                       - Unarmed
rCold   . . .        (no shield)
rNeg    . . .        (helmet currently unavailable)
rPois   .            (no amulet)
rElec   +            (no ring)
rCorr   .            (no ring)
SInv    .            (no ring)
Will    .....        (no ring)
Stlth   +++          (no ring)
HPRegen 0.28/turn    (no ring)
MPRegen 0.11/turn    (no ring)
                     (no ring)

%: no passive effects
@: beast-form
A: beast (slay +1), almost no armour, amphibious, 8 rings, camouflage 1,
gelatinous body 1, (nimble swimmer 1), tentacles, tentacle spike 1, electricity
resistance
a: Begin Untransformation


You were on level 5 of the Dungeon.
You were a hulking beast.
You visited 1 branch of the dungeon, and saw 5 of its levels.

You collected 238 gold pieces.


Innate Abilities, Weirdness & Mutations

You are a hulking beast.
Your limbs bulge with bestial killing power. (Slay +1)
You cannot wear most types of armour.
You are amphibious.
You can wear up to eight rings at the same time.
Your skin changes colour to match your surroundings (Stealth+).
Your rubbery body absorbs attacks. (AC +1, EV +1)
((You are camouflaged when in or above water. (Stealth+)))
You have tentacles for arms and can constrict up to eight enemies at once.
One of your tentacles bears a spike.
You are resistant to electric shocks. (rElec)


   Skills:
 - Level 1.0 Fighting
 * Level 7.1 Dodging
 - Level 4.0 Stealth
 + Level 5.9 Unarmed Combat
 + Level 3.2 Shapeshifting


You had 7 spell levels left.
You didn't know any spells.
Your spell library contained the following spells:

 Spells                   Type           Power      Damage    Failure   Level
 Magic Dart               Conj           0%         1d3       28%         1
 Searing Ray              Conj           0%         2d4       41%         2
 Fulminant Prism          Conj/Alch      0%         3d5       96%         4

Inventory:

Talismans
 b - a beast talisman (active)
 c - a flux talisman
Wands
 k - a wand of mindburst (4)
   (You took it off Ijyb on level 4 of the Dungeon)
Scrolls
 f - 3 scrolls of vulnerability
 h - a scroll of amnesia
 i - a scroll of poison
 l - 2 scrolls of revelation
Potions
 a - a potion of invisibility {unknown}
 j - a potion of haste
 n - a potion of magic {unknown}
 o - a potion of heal wounds
 p - a potion of enlightenment
 q - a potion of lignification

Dungeon Overview and Level Annotations

Branches:
Dungeon (5/15) Zot: 25450
 Temple: D:4-7

Altars:
Cheibriados
Vehumet

Annotations:
D:4 3 runed translucent doors, olddryhag's ghost, amateur MDWn

### #...........# #.#.#
..#####......#############.#.#
...........†.'.......O....>#.#
..######.#...#############.#.#
..# #.........# ##.....# ###
#.........# ..#.#.###
#.........# ...#.#.#
##.##########....#.#.# #.#
#.h......#.#.#### #.#
#D###....#.#.##<# #.# #.#
...#...##.# ##.#### #.#
..###.##)# #.....###.#
.#.|.##.# #.........#
#+###)#....# #.....(..##
#.#)†.###### #........#
#.#.### #........# #.#.#


You could see a steam dragon.


Message History

You feel very sick.
The scorpion barely misses you. 😕 HP[-3]
You take 3 damage, and now have 39/48 hp.
You tentacle-slap the scorpion but do no damage.
You pierce the scorpion, but do no damage.
You squeeze the scorpion. You constrict the scorpion.
You kill the scorpion!
You feel sick. 😕 HP[-2]
You take 2 damage, and now have 37/48 hp.
Unknown command.
Unknown command.
You feel sick.
The iguana completely misses you. 😮 HP[-2]
You take 2 damage, and now have 35/48 hp.
You tentacle-slap the iguana. You grab the iguana.
You pierce the iguana, but do no damage.
You squeeze the iguana! You constrict the iguana.
You kill the iguana!
You feel sick.
Unknown command.
You feel sick. 😮 HP[-2]
You take 2 damage, and now have 33/48 hp.
You feel sick. 😮 HP[-1]
You take 1 damage, and now have 32/48 hp.
Unknown command.
You feel sick.
You feel sick.
You feel sick.
You are no longer poisoned.
There is a stone staircase leading up here.
Key pressed, stopping explore.
Key pressed, stopping explore.
Unknown command. 😎 HP[+16]
Your hp is fully restored (48).
There is a stone staircase leading up here.
Key pressed, stopping explore.
You see here a +0 dagger.
A steam dragon comes into view.
The steam dragon hisses angrily.
The steam dragon breathes steam at you. The ball of steam misses you.
The steam dragon moves out of view.
You're standing in a cloud of steam!
You're standing in a cloud of steam!
Unknown command.
You are engulfed in a cloud of scalding steam. 😕 HP[-2]
You take 2 damage, and now have 46/48 hp.
You are engulfed in a cloud of scalding steam. 😕 HP[-3]
You take 3 damage, and now have 43/48 hp.
The steam dragon breathes steam at you. The ball of steam hits you!!
* * * LOW HITPOINT WARNING * * *
😨 HP[-20]
You take 20 damage, and now have 23/48 hp.
MASSIVE DAMAGE!! (PAUSE)
Okay, then.
Unknown command.
You are engulfed in a cloud of scalding steam.
* * * LOW HITPOINT WARNING * * *
😨 HP[-4]
You take 4 damage, and now have 19/48 hp.
Okay, then.
Unknown command.
As you read the scroll of teleportation, it crumbles to dust.
You feel strangely unstable.
Unknown command. 😨 HP[+1] Unknown command.
Your surroundings suddenly seem different.
A steam dragon is nearby! 😨 HP[+1] Unknown command.
The steam dragon misses you. The steam dragon closely misses you.
You bludgeon the steam dragon!
Your tentacle spike misses the steam dragon.
You squeeze the steam dragon, but do no damage.
The steam dragon breathes steam at you. The ball of steam hits you!
* * * LOW HITPOINT WARNING * * *
😱 HP[-13]
You take 13 damage, and now have 8/48 hp.
MASSIVE DAMAGE!! (PAUSE)
You tentacle-slap the steam dragon but do no damage.
Your squeeze misses the steam dragon.
You are engulfed in a cloud of scalding steam.
* * * LOW HITPOINT WARNING * * *
The steam dragon misses you. x2 😱 HP[-4]
You take 4 damage, and now have 4/48 hp.
Unknown command.
You closely miss the steam dragon.
Your tentacle spike misses the steam dragon.
You are engulfed in a cloud of scalding steam.
You die...

Skill      XL: |  1  2  3  4  5  6  7  8 |
---------------+-------------------------+-----
Stealth        | 1 2 3 4 |  4.0
Dodging        | 3 4 5 6 7 |  7.1
Unarmed Combat | 4 5 |  5.9
Fighting       | |  1.0
Shapeshifting  | |  3.2

Action                     |  1- 3 |  4- 6 |  7- 9 || total
---------------------------+-------+-------+-------++-------
  Melee: Unarmed           |    66 |   101 |    47 ||   214
         Constrict         |    16 |    20 |    12 ||    48
         Tentacles         |    13 |    16 |    10 ||    39
         Punch             |       |     3 |       ||     3
         Kick              |       |    15 |    22 ||    37
  Throw: Throwing net      |       |     3 |     1 ||     4
    Use: Scroll            |       |    10 |     6 ||    16
         Potion            |       |     6 |       ||     6
   Stab: Sleeping          |     7 |     5 |     5 ||    17
         Distracted        |       |       |     1 ||     1
         Held in net/web   |       |       |     1 ||     1
 Armour: Skin              |    31 |    66 |    18 ||   115
  Dodge: Dodged            |    30 |    31 |    27 ||    88

Levels and vault maps discovered:
D:1:      dpeg_arrival_central, layout_basic, nicolae_figureground_sparkle
D:2:      layout_rooms, minmay_box_of_dots
D:3:      layout_rooms, mainiacjoe_overflow_alcove_4,
          nicolae_overflow_hidden_temple, nicolae_the_louvre, uniq_terence,
          uniq_robin
D:4:      layout_basic, gammafunk_ghost_icy, uniq_ijyb, uniq_duvessa,
          uniq_menkaure
D:5:      layout_basic

Notes
Turn   | Place    | Note
-------+----------+-------------------------------------------
     0 | D:1      | ytrimaz the Octopode Shapeshifter began the quest for the
                  | Orb.
     0 | D:1      | Reached XP level 1. HP: 13/13 MP: 1/1
     0 | D:1      | magus.rc [v1.9.6]
    83 | D:1      | Reached XP level 2. HP: 8/18 MP: 2/2
   441 | D:1      | Reached skill level 1 in Stealth
   534 | D:1      | Reached XP level 3. HP: 23/23 MP: 3/3
  1272 | D:2      | Reached skill level 3 in Dodging
  1281 | D:2      | You pick up a book of Conjurations and begin reading...
  1281 | D:2      | You add the spells Magic Dart, Searing Ray and Fulminant
                  | Prism to your library.
  1435 | D:2      | Reached XP level 4. HP: 25/28 MP: 4/4
  1691 | D:3      | Reached skill level 2 in Stealth
  1695 | D:3      | Noticed Robin
  1721 | D:3      | Killed Robin
  2071 | D:3      | Noticed Terence
  2079 | D:3      | Gained mutation: Your health recovers twice as slowly from
                  | being drained. [potion of mutation]
  2079 | D:3      | Gained mutation: You are covered in fur. (AC +1) [potion of
                  | mutation]
  2079 | D:3      | Gained mutation: Your muscles are strong. (Str +4, Int/Dex
                  | -1) [potion of mutation]
  2080 | D:3      | HP: 7/28 [Terence/+0 short sword (5)]
  2083 | D:3      | HP: 3/28 [Terence/+0 short sword (3)]
  2084 | D:3      | Killed Terence
  2085 | D:3      | Reached skill level 4 in Unarmed Combat
  2085 | D:3      | Reached XP level 5. HP: 4/33 MP: 5/5
  2220 | D:3      | Lost mutation: You are covered in fur. (AC +1) [potion of
                  | mutation]
  2220 | D:3      | Lost mutation: Your muscles are strong. (Str +4, Int/Dex
                  | -1) [potion of mutation]
  2220 | D:3      | Lost mutation: Your health recovers twice as slowly from
                  | being drained. [potion of mutation]
  2220 | D:3      | Gained mutation: You are resistant to electric shocks.
                  | (rElec) [potion of mutation]
  2220 | D:3      | Gained mutation: One of your tentacles bears a spike.
                  | [potion of mutation]
  2386 | D:3      | Found a radiant altar of Vehumet.
  2449 | D:3      | Found a snail-covered altar of Cheibriados.
  2535 | D:4      | Noticed Ijyb
  2648 | D:4      | HP: 3/33 [disintegration (7)]
  2650 | D:4      | Noticed Duvessa
  2651 | D:4      | Killed Ijyb
  2652 | D:4      | Reached skill level 4 in Dodging
  2652 | D:4      | Reached skill level 3 in Stealth
  2653 | D:4      | Noticed Dowan
  2653 | D:4      | HP: 3/33 [goblin/+0 dagger (1)]
  2842 | D:4      | Noticed Menkaure
  2857 | D:4      | Killed Menkaure
  2858 | D:4      | Reached XP level 6. HP: 38/38 MP: 6/6
  3008 | D:4      | Found a runed translucent gate.
  3009 | D:4      | Found a runed translucent gate.
  3009 | D:4      | Found a runed translucent gate.
  3063 | D:4      | Reached skill level 4 in Stealth
  3189 | D:4      | Reached skill level 5 in Dodging
  3524 | D:4      | Killed Dowan
  3632 | D:4      | Killed Duvessa
  3633 | D:4      | Reached skill level 5 in Unarmed Combat
  3633 | D:4      | Reached XP level 7. HP: 19/43 MP: 7/7
  3819 | D:4      | Noticed olddryhag's ghost (amateur MDWn)
  3857 | D:5      | Entered Level 5 of the Dungeon
  3989 | D:5      | Reached skill level 6 in Dodging
  4131 | D:5      | Reached XP level 8. HP: 44/48 MP: 8/8
  4384 | D:5      | Reached skill level 7 in Dodging
  4578 | D:5      | HP: 8/48 [steam dragon/ball of steam (13)]
  4580 | D:5      | Engulfed by a steam dragon's steam

Vanquished Creatures
  Menkaure (D:4)
  Duvessa (D:4)
  A black bear (D:5)
  An ogre (D:5)
  2 scorpions
  Dowan (D:4)
  2 jellies (D:5)
  A bombardier beetle (D:5)
  An orc priest (D:5)
  A sleepcap (D:4)
  Terence (D:3)
  An orc wizard (D:5)
  2 iguanas (D:5)
  Ijyb (D:4)
  Robin (D:3)
  6 adders
  2 dart slugs
  2 ribbon worms
  4 orcs
  7 endoplasms
  4 giant cockroaches
  12 hobgoblins
  3 jackals (D:1)
  2 quokkas (D:1)
  6 ball pythons
  4 bats
  5 frilled lizards
  13 goblins
  5 kobolds
  5 rats
98 creatures vanquished.

Table legend:
 A = Non-vault XP
 B = Vault XP
 C = Vault XP percentage of total XP
 D = Non-vault monster count
 E = Vault monster count
 F = Vault count percentage of total count
                 A         B        C        D         E       F
            +---------+---------+-------+---------+---------+-------
      Total |     933 |     491 |  34.5 |      77 |      21 |  21.4
            +---------+---------+-------+---------+---------+-------
        D:1 |      48 |       0 |   0.0 |      29 |       0 |   0.0
        D:2 |      40 |       4 |   9.1 |      11 |       3 |  21.4
        D:3 |      47 |      74 |  61.2 |      12 |      14 |  53.8
        D:4 |     132 |     413 |  75.8 |       8 |       4 |  33.3
        D:5 |     666 |       0 |   0.0 |      17 |       0 |   0.0
            +---------+---------+-------+---------+---------+-------

Skill      XL: |  1  2  3  4  5  6  7  8 |
---------------+-------------------------+-----
Stealth        | 1 2 3 4 |  4.0
Dodging        | 3 4 5 6 7 |  7.1
Unarmed Combat | 4 5 |  5.9
Fighting       | |  1.0
Shapeshifting  | |  3.2

Action                     |  1- 3 |  4- 6 |  7- 9 || total
---------------------------+-------+-------+-------++-------
  Melee: Unarmed           |    66 |   101 |    47 ||   214
         Constrict         |    16 |    20 |    12 ||    48
         Tentacles         |    13 |    16 |    10 ||    39
         Punch             |       |     3 |       ||     3
         Kick              |       |    15 |    22 ||    37
  Throw: Throwing net      |       |     3 |     1 ||     4
    Use: Scroll            |       |    10 |     6 ||    16
         Potion            |       |     6 |       ||     6
   Stab: Sleeping          |     7 |     5 |     5 ||    17
         Distracted        |       |       |     1 ||     1
         Held in net/web   |       |       |     1 ||     1
 Armour: Skin              |    31 |    66 |    18 ||   115
  Dodge: Dodged            |    30 |    31 |    27 ||    88

Illustrated notes

Table legend:
 A = Kills in this place as a percentage of kills in the entire game.
 B = Kills by you in this place as a percentage of kills by you in the entire game.
 C = Kills by friends in this place as a percentage of kills by friends in the entire game.
 D = Other kills in this place as a percentage of other kills in the entire game.
 E = Experience gained in this place as a percentage of experience gained in the entire game.
 F = Experience gained in this place divided by the number of levels of this place that you have seen.
                   A       B       C       D       E      F
               +-------+-------+-------+-------+-------+----------------------
         Total | 100.0 | 100.0 |   N/A |   N/A | 100.0 | 284.8
       Dungeon | 100.0 | 100.0 |   N/A |   N/A | 100.0 | 284.8
               +-------+-------+-------+-------+-------+----------------------

Table legend: (Time is in decaauts)
 A = Elapsed time spent in this place.
 B = Non-inter-level travel time spent in this place.
 C = Inter-level travel time spent in this place.
 D = Time resting spent in this place.
 E = Time spent auto-exploring this place.
 F = Levels seen in this place.
 G = Mean time per level.
                   A        B        C        D        E       F      G
               +--------+--------+--------+--------+--------+-----+--------+
         Total |   4550 |   4511 |     39 |    301 |   3410 |   5 |  910.0 |
       Dungeon |   4550 |   4511 |     39 |    301 |   3410 |   5 |  910.0 |
               +--------+--------+--------+--------+--------+-----+--------+

Top non-repeatable levels by time:
     D:4: 1202 daAuts
     D:1: 1172 daAuts
     D:3: 996 daAuts
     D:5: 718 daAuts
     D:2: 460 daAuts
